PCL
VANCOUVER VIPERS @ SPOKANE TRAPPERS
09/22/2027
 
TOP OF THE 1ST
Vancouver Vipers batting - Pitching for Spokane Trappers : LHP Pedro Mata
Pitching: LHP Pedro Mata
Batting: RHB Miguel Palácios 0-0: Called Strike
0-1: Called Strike
0-2: SINGLE (Groundball, 4S) (infield hit)
Batting: RHB Steve Bender 0-0: Ball
Miguel Palácios steals 2nd base
1-0: Ball
2-0: Ball
3-0: Called Strike
3-1: Foul Ball, location: 2F
3-2: Foul Ball, location: 2F
3-2: Ground out 4-3 (Groundball, 4)
Miguel Palácios to third
Batting: LHB Benny Richard 0-0: Called Strike
0-1: Ball
1-1: Foul Ball, location: 2F
1-2: Strikes out swinging
Batting: RHB Daniel Robert 0-0: Called Strike
0-1: Fly out, F7 (Flyball, 78S)
Top of the 1st over - 0 run(s), 1 hit(s), 0 error(s), 1 left on base; Vancouver 0 - Spokane 0
BOTTOM OF THE 1ST
Spokane Trappers batting - Pitching for Vancouver Vipers : RHP Diego González
Pitching: RHP Diego González
Batting: RHB Enrique Mendoza 0-0: Ball
1-0: Foul Ball, location: 2F
1-1: DOUBLE (Groundball, 5L)
Batting: RHB Alejandro Ramos 0-0: SINGLE (Groundball, 4D)
Enrique Mendoza to third
Batting: RHB Jeremy Carr 0-0: Foul Ball, location: 2F
0-1: Foul Ball, location: 2F
0-2: Ball
1-2: Foul Ball, location: 2F
1-2: Fly out, F9 (Flyball, 9)
Runner from 3rd tags up, SCORES, no throw
Batting: RHB Ramiro Ross 0-0: Fly out, F9 (Flyball, 9S)
Batting: LHB Alan Moore 0-0: Ball
1-0: Ball
2-0: Called Strike
2-1: Ball
3-1: SINGLE (Line Drive, 8RS)
Alejandro Ramos to second
Batting: RHB Trent Rasmussen 0-0: Ball
1-0: Foul Ball, location: 2F
1-1: Foul Ball, location: 2F
1-2: Fly out, F8 (Line Drive, 8LD)
Bottom of the 1st over - 1 run(s), 3 hit(s), 0 error(s), 2 left on base; Vancouver 0 - Spokane 1
TOP OF THE 2ND
Vancouver Vipers batting - Pitching for Spokane Trappers : LHP Pedro Mata
Batting: LHB Mike Williams 0-0: Foul Ball, location: 2F
0-1: Ground out 6-3 (Groundball, 6M)
Batting: RHB Ryan Parrish 0-0: Called Strike
0-1: Ball
1-1: Ball
2-1: Ball
3-1: Called Strike
3-2: Foul Ball, location: 2F
3-2: Base on Balls
Batting: RHB Walton Smith 0-0: Ball
1-0: Called Strike
1-1: Ball
2-1: Foul Ball, location: 2F
2-2: Foul Ball, location: 2F
2-2: SINGLE (Flyball, 8LS)
Ryan Parrish to second
Batting: RHB Salvador Medine 0-0: Called Strike
0-1: Fly out, F4 (Line Drive, 4)
Batting: RHB Axel Guimont 0-0: Ball
1-0: Ball
2-0: Ball
3-0: Base on Balls
Ryan Parrish to third
Walton Smith to second
Batting: RHB Miguel Palácios 0-0: Called Strike
0-1: Fielders Choice at 2nd, 5-4 (Groundball, 5)
Top of the 2nd over - 0 run(s), 1 hit(s), 0 error(s), 2 left on base; Vancouver 0 - Spokane 1
BOTTOM OF THE 2ND
Spokane Trappers batting - Pitching for Vancouver Vipers : RHP Diego González
Batting: RHB Clyde Kelley 0-0: SINGLE (Groundball, 56S) (infield hit)
Batting: RHB Sergio Solíz 0-0: Swinging Strike
0-1: Ball
1-1: Foul Ball, location: 2F
1-2: Ball
2-2: Foul Ball, location: 2F
2-2: Strikes out looking
Batting: LHB Jaime Padilla 0-0: Called Strike
0-1: Ball
1-1: Foul Ball, location: 2F
1-2: Ground out U3 (Groundball, 34S)
Clyde Kelley to second
Batting: RHB Enrique Mendoza 0-0: Called Strike
0-1: Ball
1-1: Ball
2-1: Ball
3-1: Ground out 4-3 (Groundball, 34D)
Bottom of the 2nd over - 0 run(s), 1 hit(s), 0 error(s), 1 left on base; Vancouver 0 - Spokane 1
TOP OF THE 3RD
Vancouver Vipers batting - Pitching for Spokane Trappers : LHP Pedro Mata
Batting: RHB Steve Bender 0-0: Ball
1-0: Ball
2-0: Called Strike
2-1: Swinging Strike
2-2: Ball
3-2: SINGLE (Line Drive, 5)
Batting: LHB Benny Richard 0-0: Foul Ball, location: 2F
0-1: Ball
1-1: Swinging Strike
1-2: Strikes out looking
Batting: RHB Daniel Robert 0-0: SINGLE (Groundball, 4MD)
Steve Bender to second
Batting: LHB Mike Williams 0-0: Ball
1-0: Swinging Strike
1-1: Ball
2-1: Ball
3-1: Called Strike
3-2: Strikes out swinging
Batting: RHB Ryan Parrish 0-0: Ball
1-0: Ball
2-0: Called Strike
2-1: Swinging Strike
2-2: Fielders Choice at 2nd, 5-4 (Groundball, 56)
Top of the 3rd over - 0 run(s), 2 hit(s), 0 error(s), 1 left on base; Vancouver 0 - Spokane 1
BOTTOM OF THE 3RD
Spokane Trappers batting - Pitching for Vancouver Vipers : RHP Diego González
Batting: RHB Alejandro Ramos 0-0: Foul Ball, location: 2F
0-1: Foul Ball, location: 2F
0-2: SINGLE (Line Drive, 7S)
Batting: RHB Jeremy Carr 0-0: Foul Ball, location: 2F
0-1: Ball
1-1: Ball
2-1: Foul Ball, location: 2F
2-2: Ball
3-2: Ground out 6-3 (Groundball, 6MD)
Alejandro Ramos to second
Batting: RHB Ramiro Ross 0-0: Ball
1-0: Ball
2-0: Ball
3-0: Called Strike
3-1: Swinging Strike
3-2: Strikes out looking
Batting: LHB Alan Moore 0-0: Ball
1-0: Fly out, F6 (Line Drive, 6)
Bottom of the 3rd over - 0 run(s), 1 hit(s), 0 error(s), 1 left on base; Vancouver 0 - Spokane 1
TOP OF THE 4TH
Vancouver Vipers batting - Pitching for Spokane Trappers : LHP Pedro Mata
Batting: RHB Walton Smith 0-0: Called Strike
0-1: Called Strike
0-2: Foul Ball, location: 2F
0-2: Foul Ball, location: 2F
0-2: Fly out, F9 (Flyball, 9LSF)
Batting: RHB Salvador Medine 0-0: Ball
1-0: Ball
2-0: Ball
3-0: Base on Balls
Batting: RHB Axel Guimont 0-0: Called Strike
0-1: Foul Ball, location: 2F
0-2: Ball
1-2: Grounds into double play, 1-6-3 (Groundball, 13)
Top of the 4th over - 0 run(s), 0 hit(s), 0 error(s), 0 left on base; Vancouver 0 - Spokane 1
BOTTOM OF THE 4TH
Spokane Trappers batting - Pitching for Vancouver Vipers : RHP Diego González
Batting: RHB Trent Rasmussen 0-0: Ball
1-0: Ball
2-0: Called Strike
2-1: Called Strike
2-2: Ball
3-2: Foul Ball, location: 2F
3-2: Fly out, F6 (Line Drive, 6)
Batting: RHB Clyde Kelley 0-0: Ball
1-0: Foul Ball, location: 2F
1-1: Swinging Strike
1-2: Strikes out looking
Batting: RHB Sergio Solíz 0-0: Swinging Strike
0-1: Called Strike
0-2: Ball
1-2: Strikes out swinging
Bottom of the 4th over - 0 run(s), 0 hit(s), 0 error(s), 0 left on base; Vancouver 0 - Spokane 1
TOP OF THE 5TH
Vancouver Vipers batting - Pitching for Spokane Trappers : LHP Pedro Mata
Batting: RHB Miguel Palácios 0-0: Ball
1-0: Ball
2-0: Ball
3-0: Called Strike
3-1: Base on Balls
Batting: RHB Steve Bender 0-0: Ball
Miguel Palácios steals 2nd base
1-0: Foul Ball, location: 2F
1-1: Ground out 1-3 (Groundball, 13)
Miguel Palácios to third
Batting: LHB Benny Richard 0-0: Swinging Strike
0-1: Foul Ball, location: 2F
0-2: Ball
1-2: Strikes out swinging
Batting: RHB Daniel Robert 0-0: Ball
1-0: Ball
2-0: Ball
3-0: Base on Balls
Batting: LHB Mike Williams 0-0: Called Strike
0-1: Ball
1-1: Ball
2-1: Ground out U3 (Groundball, 3)
Top of the 5th over - 0 run(s), 0 hit(s), 0 error(s), 2 left on base; Vancouver 0 - Spokane 1
BOTTOM OF THE 5TH
Spokane Trappers batting - Pitching for Vancouver Vipers : RHP Diego González
Batting: LHB Jaime Padilla 0-0: Called Strike
0-1: Ball
1-1: Fly out, F7 (Flyball, 7LMF)
Batting: RHB Enrique Mendoza 0-0: Ball
1-0: Foul Ball, location: 2F
1-1: SINGLE (Line Drive, 8LS)
Batting: RHB Alejandro Ramos 0-0: Ball
Enrique Mendoza steals 2nd base
1-0: Called Strike
Enrique Mendoza steals 3rd base
1-1: Ball
2-1: Swinging Strike
2-2: Strikes out swinging
Batting: RHB Jeremy Carr 0-0: Called Strike
0-1: Ball
1-1: Ball
2-1: Foul Ball, location: 2F
2-2: Ball
3-2: Foul Ball, location: 2F
3-2: Base on Balls
Batting: RHB Ramiro Ross 0-0: Foul Ball, location: 2F
0-1: SINGLE (Groundball, 5D)
Enrique Mendoza scores
Jeremy Carr to second
Batting: LHB Alan Moore 0-0: Called Strike
0-1: Ball
1-1: SINGLE (Line Drive, 6MD)
Jeremy Carr to third
Ramiro Ross to second
Runner from 3rd tries for Home, throw and OUT!
Bottom of the 5th over - 1 run(s), 3 hit(s), 0 error(s), 2 left on base; Vancouver 0 - Spokane 2
TOP OF THE 6TH
Vancouver Vipers batting - Pitching for Spokane Trappers : LHP Pedro Mata
Batting: RHB Ryan Parrish 0-0: Foul Ball, location: 2F
0-1: Ball
1-1: Fly out, F7 (Flyball, 7)
Batting: RHB Walton Smith 0-0: Foul Ball, location: 2F
0-1: Ball
1-1: Swinging Strike
1-2: Strikes out swinging
Batting: RHB Salvador Medine 0-0: Ball
1-0: Ball
2-0: Ground out 5-3 (Groundball, 56)
Top of the 6th over - 0 run(s), 0 hit(s), 0 error(s), 0 left on base; Vancouver 0 - Spokane 2
BOTTOM OF THE 6TH
Spokane Trappers batting - Pitching for Vancouver Vipers : RHP Diego González
Batting: RHB Trent Rasmussen 0-0: Called Strike
0-1: Ball
1-1: Ground out 3-1 (Groundball, 23)
Batting: RHB Clyde Kelley 0-0: Ball
1-0: Ground out 6-3 (Groundball, 6)
Batting: RHB Sergio Solíz 0-0: Swinging Strike
0-1: Foul Ball, location: 2F
0-2: Ball
1-2: Strikes out swinging
Bottom of the 6th over - 0 run(s), 0 hit(s), 0 error(s), 0 left on base; Vancouver 0 - Spokane 2
TOP OF THE 7TH
Vancouver Vipers batting - Pitching for Spokane Trappers : LHP Pedro Mata
Pitching: RHP César Rodríguez
Batting: RHB Axel Guimont 0-0: Called Strike
0-1: Ball
1-1: Called Strike
1-2: Ball
2-2: Foul Ball, location: 2F
2-2: Strikes out looking
Batting: RHB Miguel Palácios 0-0: Foul Ball, location: 2F
0-1: Foul Ball, location: 2F
0-2: Foul Ball, location: 2F
0-2: Ball
1-2: Ball
2-2: Strikes out swinging
Batting: RHB Steve Bender 0-0: Called Strike
0-1: Ball
1-1: Called Strike
1-2: Ball
2-2: Ball
3-2: Fly out, F9 (Flyball, 89S)
Top of the 7th over - 0 run(s), 0 hit(s), 0 error(s), 0 left on base; Vancouver 0 - Spokane 2
BOTTOM OF THE 7TH
Spokane Trappers batting - Pitching for Vancouver Vipers : RHP Diego González
Pitching: RHP Von Hicks
Batting: LHB Jaime Padilla 0-0: Ball
1-0: Ball
2-0: Ball
3-0: Called Strike
3-1: Foul Ball, location: 2F
3-2: Fly out, F7 (Flyball, 7LS)
Batting: RHB Enrique Mendoza 0-0: Ground out 5-3 (Groundball, 56)
Batting: RHB Alejandro Ramos 0-0: Foul Ball, location: 2F
0-1: Ball
1-1: Ball
2-1: Ball
3-1: Called Strike
3-2: Foul Ball, location: 2F
3-2: SINGLE (Groundball, 34D)
Batting: RHB Jeremy Carr 0-0: Called Strike
0-1: Swinging Strike
0-2: Ball
1-2: Strikes out swinging
Bottom of the 7th over - 0 run(s), 1 hit(s), 0 error(s), 1 left on base; Vancouver 0 - Spokane 2
TOP OF THE 8TH
Vancouver Vipers batting - Pitching for Spokane Trappers : RHP César Rodríguez
Batting: LHB Benny Richard 0-0: Ball
1-0: DOUBLE (Line Drive, 7D)
Pitching: RHP Ching-wei Zi
Batting: RHB Daniel Robert 0-0: Foul Ball, location: 2F
0-1: Ball
1-1: Fly out, F6 (Popup, 56)
Pitching: LHP Júlio Hernández
Batting: LHB Mike Williams 0-0: Ball
1-0: Foul Ball, location: 2F
1-1: Called Strike
1-2: Strikes out swinging
Pitching: LHP Steve Paredes
Batting: RHB Ryan Parrish 0-0: Ball
1-0: Foul Ball, location: 2F
1-1: Swinging Strike
1-2: Ball
2-2: Ground out 5-3 (Groundball, 5L)
Top of the 8th over - 0 run(s), 1 hit(s), 0 error(s), 1 left on base; Vancouver 0 - Spokane 2
BOTTOM OF THE 8TH
Spokane Trappers batting - Pitching for Vancouver Vipers : RHP Von Hicks
Batting: RHB Ramiro Ross 0-0: Foul Ball, location: 2F
0-1: Called Strike
0-2: Strikes out swinging
Batting: LHB Alan Moore 0-0: Fly out, F7 (Flyball, 78D)
Batting: RHB Trent Rasmussen 0-0: Fly out, F5 (Popup, 56)
Bottom of the 8th over - 0 run(s), 0 hit(s), 0 error(s), 0 left on base; Vancouver 0 - Spokane 2
TOP OF THE 9TH
Vancouver Vipers batting - Pitching for Spokane Trappers : LHP Steve Paredes
Pitching: LHP Howard Bailey
Batting: RHB Walton Smith 0-0: Ball
1-0: Foul Ball, location: 2F
1-1: Ball
2-1: Foul Ball, location: 2F
2-2: Fly out, F9 (Flyball, 9D)
Batting: RHB Salvador Medine 0-0: Swinging Strike
0-1: Ball
1-1: Ball
2-1: Ball
3-1: Foul Ball, location: 2F
3-2: Base on Balls
Pinch Hitting: RHB Marvin Workman 0-0: Ball
1-0: Foul Ball, location: 2F
1-1: Ball
2-1: Swinging Strike
2-2: Foul Ball, location: 2F
2-2: Foul Ball, location: 2F
2-2: Reached via error on a dropped throw, E1
Salvador Medine to second
Batting: RHB Miguel Palácios 0-0: Foul Ball, location: 2F
0-1: Ball
1-1: Fly out, F8 (Flyball, 89S)
Pinch Hitting: SHB Henry Copeland 0-0: Ball
1-0: Swinging Strike
1-1: Called Strike
1-2: Ball
2-2: Foul Ball, location: 2F
2-2: Strikes out swinging
Top of the 9th over - 0 run(s), 0 hit(s), 1 error(s), 2 left on base; Vancouver 0 - Spokane 2
Thursday, March 30th, 2017 - OOTP Baseball 17.12 Build 75